TOP OF THE 1ST |
Idaho Falls Spuds batting - Pitching for Ogden Spikes : RHP Richard Saavedra
|
Pitching: RHP Richard Saavedra
|
|
Batting: RHB Reginald Mosley
|
0-0: Called Strike 0-1: Swinging Strike 0-2: SINGLE (Line Drive, 78M, EV 90.0 MPH)
|
Batting: RHB Tony Porras
|
0-0: Foul Ball, location: 2F 0-1: Called Strike 0-2: Ball 1-2: Strikes out swinging Reginald Mosley steals 2nd base (no throw) Batter strikes out.
|
Batting: LHB Darcy Walker
|
0-0: Ball 1-0: Fly out, F8 (Flyball, 8LD, EV 100.6 MPH)
|
Batting: LHB Tom Francis
|
0-0: Ball 1-0: Ground out 5-3 (Groundball, 5, EV 86.9 MPH)
|
Top of the 1st over - 0 runs, 1 hit, 0 errors, 1 left on base; Idaho Falls 0 - Ogden 0 |
BOTTOM OF THE 1ST |
Ogden Spikes batting - Pitching for Idaho Falls Spuds : RHP Chris Baird
|
Pitching: RHP Chris Baird
|
|
Batting: RHB Ken Jackson
|
0-0: Foul Ball, location: 2F 0-1: Foul Ball, location: 2F 0-2: Ball 1-2: Ground out 4-3 (Groundball, 4S, EV 66.3 MPH)
|
Batting: LHB Lenny Harris
|
0-0: Ball 1-0: Fly out, F9 (Line Drive, 9D, EV 93.1 MPH)
|
Batting: LHB Everett Graham
|
0-0: Ground out 6-3 (Groundball, 6S, EV 69.4 MPH)
|
Bottom of the 1st over - 0 runs, 0 hits, 0 errors, 0 left on base; Idaho Falls 0 - Ogden 0 |
TOP OF THE 2ND |
Idaho Falls Spuds batting - Pitching for Ogden Spikes : RHP Richard Saavedra
|
Batting: RHB Ken Williams
|
0-0: Ground out U3 (Groundball, 34S, EV 88.1 MPH)
|
Batting: RHB Billie Merrifield
|
0-0: Foul Ball, location: 2F 0-1: Fly out, F7 (Flyball, 7LS, EV 90.0 MPH)
|
Batting: RHB James Michalek
|
0-0: Called Strike 0-1: Foul Ball, location: 2F 0-2: Foul Ball, location: 2F 0-2: Ball 1-2: Ball 2-2: Foul Ball, location: 2F 2-2: Ball 3-2: Ground out 1-3 (Groundball, 15S, EV 73.8 MPH)
|
Top of the 2nd over - 0 runs, 0 hits, 0 errors, 0 left on base; Idaho Falls 0 - Ogden 0 |
BOTTOM OF THE 2ND |
Ogden Spikes batting - Pitching for Idaho Falls Spuds : RHP Chris Baird
|
Batting: RHB Chuck Lynn
|
0-0: Called Strike 0-1: Ball 1-1: Ball 2-1: Fly out, F8 (Line Drive, 8RD, EV 91.3 MPH)
|
Batting: LHB Roberto Casasnovas
|
0-0: Called Strike 0-1: Called Strike 0-2: Reached via error on a dropped throw from 1B, E1 (Groundball, 34, EV 86.3 MPH)
|
Batting: RHB Jeffrey Smith
|
0-0: Ball 1-0: Fly out, F9 (Flyball, 9S, EV 91.3 MPH)
|
Batting: RHB Paul Wright
|
0-0: Foul Ball, location: 2F 0-1: Ball 1-1: Swinging Strike 1-2: Ball 2-2: Fielders Choice at 2nd, 5-4 (Groundball, 56, EV 100.6 MPH)
|
Bottom of the 2nd over - 0 runs, 0 hits, 1 error, 1 left on base; Idaho Falls 0 - Ogden 0 |
TOP OF THE 3RD |
Idaho Falls Spuds batting - Pitching for Ogden Spikes : RHP Richard Saavedra
|
Batting: RHB Alvin Bravo
|
0-0: DOUBLE (Line Drive, 89D, EV 108.8 MPH)
|
Batting: RHB Jose Mateo
|
0-0: Called Strike 0-1: Foul Ball, location: 2F 0-2: Fly out, F9 (Flyball, 9, EV 88.8 MPH)
|
Batting: RHB Reginald Mosley
|
0-0: Called Strike 0-1: Ball 1-1: Bunt missed! 1-2: Strikes out swinging
|
Batting: RHB Tony Porras
|
0-0: Fly out, F9 (Flyball, 89M, EV 94.4 MPH)
|
Top of the 3rd over - 0 runs, 1 hit, 0 errors, 1 left on base; Idaho Falls 0 - Ogden 0 |
BOTTOM OF THE 3RD |
Ogden Spikes batting - Pitching for Idaho Falls Spuds : RHP Chris Baird
|
Batting: SHB Mark Lemke
|
0-0: Called Strike 0-1: Ball 1-1: Fly out, F7 (Flyball, 7LD, EV 87.5 MPH)
|
Batting: RHB Terry Bell
|
0-0: Reached on error, E5 (Groundball, 56, EV 97.5 MPH)
|
Batting: RHB Ken Jackson
|
0-0: Called Strike 0-1: Swinging Strike 0-2: Ball 1-2: Ball 2-2: Foul Ball, location: 2F 2-2: SINGLE (Line Drive, 78S, EV 95.6 MPH) Terry Bell to third Runner from 3rd tries for Home, SAFE, throw by LF to home
|
Batting: LHB Lenny Harris
|
0-0: Swinging Strike 0-1: Grounds into double play, 6-4-3 (Groundball, 6, EV 86.3 MPH)
|
Bottom of the 3rd over - 1 run, 1 hit, 1 error, 0 left on base; Idaho Falls 0 - Ogden 1 |
TOP OF THE 4TH |
Idaho Falls Spuds batting - Pitching for Ogden Spikes : RHP Richard Saavedra
|
Batting: LHB Darcy Walker
|
0-0: Called Strike 0-1: Swinging Strike 0-2: SINGLE (Line Drive, 89S, EV 112.5 MPH)
|
Pitching: RHP Douglas Barba
|
|
Batting: LHB Tom Francis
|
0-0: Ball 1-0: Ball 2-0: Called Strike 2-1: Ball 3-1: Base on Balls Darcy Walker to second
|
Batting: RHB Ken Williams
|
0-0: Called Strike 0-1: 3-RUN HOME RUN (Flyball, 7LD, EV 99.4 MPH), Distance : 346 ft
|
Batting: RHB Billie Merrifield
|
0-0: Ball 1-0: Ground out 5-3 (Groundball, 56, EV 98.1 MPH)
|
Batting: RHB James Michalek
|
0-0: Ball 1-0: Ball 2-0: Foul Ball, location: 2F 2-1: SINGLE (Line Drive, 6D, EV 105.6 MPH)
|
Batting: RHB Alvin Bravo
|
0-0: Ball 1-0: Ball 2-0: DOUBLE (Flyball, 8RXD, EV 100.0 MPH) James Michalek to third
|
Batting: RHB Jose Mateo
|
0-0: SINGLE (Groundball, 34D, EV 108.8 MPH) James Michalek scores Alvin Bravo to third Runner from 3rd tries for Home, SAFE, throw by RF to home
|
Batting: RHB Reginald Mosley
|
0-0: Swinging Strike 0-1: Called Strike 0-2: Ball 1-2: Strikes out looking
|
Batting: RHB Tony Porras
|
0-0: Called Strike 0-1: Ball 1-1: Ball 2-1: Foul Ball, location: 2F 2-2: Ball 3-2: Base on Balls Jose Mateo to second
|
Batting: LHB Darcy Walker
|
0-0: Fly out, F8 (Line Drive, 8LD, EV 89.4 MPH)
|
Top of the 4th over - 5 runs, 5 hits, 0 errors, 2 left on base; Idaho Falls 5 - Ogden 1 |
BOTTOM OF THE 4TH |
Ogden Spikes batting - Pitching for Idaho Falls Spuds : RHP Chris Baird
|
Batting: LHB Everett Graham
|
0-0: Ball 1-0: Ball 2-0: Foul Ball, location: 2F 2-1: Fly out, F8 (Line Drive, 8RM, EV 95.0 MPH)
|
Batting: RHB Chuck Lynn
|
0-0: Ball 1-0: Called Strike 1-1: Ball 2-1: Ball 3-1: Base on Balls
|
Batting: LHB Roberto Casasnovas
|
0-0: Called Strike 0-1: Ball 1-1: Ball 2-1: Ball 3-1: Base on Balls Chuck Lynn to second
|
Batting: RHB Jeffrey Smith
|
0-0: Foul Ball, location: 2F 0-1: Foul Ball, location: 2F 0-2: Ball 1-2: Foul Ball, location: 2F 1-2: Ball 2-2: Ball 3-2: Base on Balls Chuck Lynn to third Roberto Casasnovas to second
|
Batting: RHB Paul Wright
|
0-0: Ball 1-0: Called Strike 1-1: Fly out, F7 (Flyball, 7S, EV 78.8 MPH)
|
Batting: SHB Mark Lemke
|
0-0: Ball 1-0: Called Strike 1-1: Ball 2-1: Ball 3-1: Called Strike 3-2: Foul Ball, location: 2F 3-2: Base on Balls Chuck Lynn scores Roberto Casasnovas to third Jeffrey Smith to second
|
Pitching: RHP Jeffrey O'Dell
|
|
Batting: RHB Terry Bell
|
0-0: Ball 1-0: Foul Ball, location: 2F 1-1: Foul Ball, location: 2F 1-2: Foul Ball, location: 2F 1-2: SINGLE (Groundball, 13S, EV 68.1 MPH) (infield hit) Roberto Casasnovas scores Jeffrey Smith to third Mark Lemke to second
|
Batting: RHB Ken Jackson
|
0-0: Foul Ball, location: 2F 0-1: Fly out, F8 (Line Drive, 8RD, EV 94.4 MPH)
|
Bottom of the 4th over - 2 runs, 1 hit, 0 errors, 3 left on base; Idaho Falls 5 - Ogden 3 |
TOP OF THE 5TH |
Idaho Falls Spuds batting - Pitching for Ogden Spikes : RHP Douglas Barba
|
Batting: LHB Tom Francis
|
0-0: Ball 1-0: Foul Ball, location: 2F 1-1: Ball 2-1: Fly out, F7 (Flyball, 7D, EV 91.9 MPH)
|
Batting: RHB Ken Williams
|
0-0: Called Strike 0-1: Fly out, F5 (Flyball, 5D, EV 83.1 MPH)
|
Batting: RHB Billie Merrifield
|
0-0: Ball 1-0: Called Strike 1-1: Foul Ball, location: 2F 1-2: Ball 2-2: Foul Ball, location: 2F 2-2: Fly out, F9 (Flyball, 9LS, EV 90.6 MPH)
|
Top of the 5th over - 0 runs, 0 hits, 0 errors, 0 left on base; Idaho Falls 5 - Ogden 3 |
BOTTOM OF THE 5TH |
Ogden Spikes batting - Pitching for Idaho Falls Spuds : RHP Jeffrey O'Dell
|
Batting: LHB Lenny Harris
|
0-0: SINGLE (Line Drive, 9S, EV 92.5 MPH)
|
Batting: LHB Everett Graham
|
0-0: Ball 1-0: Called Strike 1-1: Fielders Choice at 2nd, 3-6 (Groundball, 3, EV 108.8 MPH)
|
Batting: RHB Chuck Lynn
|
0-0: Ball Everett Graham steals 2nd base 1-0: Foul Ball, location: 2F 1-1: Ground out 5-3 (Groundball, 56, EV 85.6 MPH)
|
Batting: LHB Roberto Casasnovas
|
0-0: Ball 1-0: Ball 2-0: Ball 3-0: Base on Balls
|
Batting: RHB Jeffrey Smith
|
0-0: Ball 1-0: Swinging Strike 1-1: 3-RUN HOME RUN (Flyball, 7D, EV 100.0 MPH), Distance : 375 ft
|
Batting: RHB Paul Wright
|
0-0: Ball 1-0: Foul Ball, location: 2F 1-1: Ball 2-1: Ball 3-1: Ground out 3-1 (Groundball, 34D, EV 107.5 MPH)
|
Bottom of the 5th over - 3 runs, 2 hits, 0 errors, 0 left on base; Idaho Falls 5 - Ogden 6 |
TOP OF THE 6TH |
Idaho Falls Spuds batting - Pitching for Ogden Spikes : RHP Douglas Barba
|
Batting: RHB James Michalek
|
0-0: Ball 1-0: Ball 2-0: Called Strike 2-1: Foul Ball, location: 2F 2-2: SOLO HOME RUN (Flyball, 7D, EV 91.3 MPH), Distance : 381 ft
|
Batting: RHB Alvin Bravo
|
0-0: Called Strike 0-1: Ball 1-1: SINGLE (Line Drive, 34D, EV 99.4 MPH)
|
Batting: RHB Jose Mateo
|
0-0: Called Strike 0-1: Called Strike 0-2: Ball 1-2: Ground out 6-3 (Groundball, P, EV 82.5 MPH) Alvin Bravo to second
|
Batting: RHB Reginald Mosley
|
0-0: Intentional Walk
|
Batting: RHB Tony Porras
|
0-0: Ball 1-0: SINGLE (Groundball, 34D, EV 103.8 MPH) Alvin Bravo to third Reginald Mosley to second Runner from 3rd tries for Home, SAFE, throw by RF to trailing runner, SAFE at third!
|
Batting: LHB Darcy Walker
|
0-0: Grounds into double play, 4-6-3 (Groundball, 34, EV 84.4 MPH)
|
Top of the 6th over - 2 runs, 3 hits, 0 errors, 1 left on base; Idaho Falls 7 - Ogden 6 |
BOTTOM OF THE 6TH |
Ogden Spikes batting - Pitching for Idaho Falls Spuds : RHP Jeffrey O'Dell
|
Batting: SHB Mark Lemke
|
0-0: Called Strike 0-1: Ball 1-1: Ball 2-1: Ball 3-1: Base on Balls
|
Batting: RHB Terry Bell
|
0-0: Sac Bunt to 2R - play at first, batter OUT! 2-4 Mark Lemke to second
|
Batting: RHB Ken Jackson
|
0-0: Ball 1-0: Fly out, F8 (Flyball, 8RS, EV 81.3 MPH)
|
Batting: LHB Lenny Harris
|
0-0: Called Strike 0-1: Called Strike 0-2: Ball 1-2: Ball 2-2: Ball 3-2: Base on Balls
|
Batting: LHB Everett Graham
|
0-0: Fielders Choice at 2nd, 6-4 (Groundball, 6, EV 103.8 MPH)
|
Bottom of the 6th over - 0 runs, 0 hits, 0 errors, 2 left on base; Idaho Falls 7 - Ogden 6 |
TOP OF THE 7TH |
Idaho Falls Spuds batting - Pitching for Ogden Spikes : RHP Douglas Barba
|
Batting: LHB Tom Francis
|
0-0: Ball 1-0: SINGLE (Groundball, 4MD, EV 103.1 MPH)
|
Batting: RHB Ken Williams
|
0-0: Foul Ball, location: 2F 0-1: SINGLE (Flyball, 78S, EV 90.6 MPH) Tom Francis to second
|
Batting: RHB Billie Merrifield
|
0-0: Foul Ball, location: 2F 0-1: Ball 1-1: Ball 2-1: Foul Ball, location: 2F 2-2: Foul Ball, location: 2F 2-2: Ball 3-2: Base on Balls Tom Francis to third Ken Williams to second
|
Pitching: LHP John Horner
|
|
Batting: RHB James Michalek
|
0-0: Ball 1-0: Ball 2-0: Ball 3-0: Base on Balls Tom Francis scores Ken Williams to third Billie Merrifield to second
|
Batting: RHB Alvin Bravo
|
0-0: Ball 1-0: Called Strike 1-1: Grounds into fielders choice 1-2 (Groundball, 23, EV 65.6 MPH) Billie Merrifield to third James Michalek to second
|
Batting: RHB Jose Mateo
|
0-0: Called Strike 0-1: Swinging Strike 0-2: Ball 1-2: Strikes out looking
|
Batting: RHB Reginald Mosley
|
0-0: Swinging Strike 0-1: Foul Ball, location: 2F 0-2: Fielders Choice at 2nd, 6-4 (Groundball, 6, EV 94.4 MPH)
|
Top of the 7th over - 1 run, 2 hits, 0 errors, 3 left on base; Idaho Falls 8 - Ogden 6 |
BOTTOM OF THE 7TH |
Ogden Spikes batting - Pitching for Idaho Falls Spuds : RHP Jeffrey O'Dell
|
Batting: RHB Chuck Lynn
|
0-0: Ball 1-0: Fly out, F8 (Line Drive, 8RM, EV 102.5 MPH)
|
Batting: LHB Roberto Casasnovas
|
0-0: Called Strike 0-1: Called Strike 0-2: Fly out, F8 (Flyball, 8RM, EV 84.4 MPH)
|
Batting: RHB Jeffrey Smith
|
0-0: Swinging Strike 0-1: Called Strike 0-2: Ball 1-2: Ball 2-2: Ball 3-2: Ground out 5-3 (Groundball, 56, EV 104.4 MPH)
|
Bottom of the 7th over - 0 runs, 0 hits, 0 errors, 0 left on base; Idaho Falls 8 - Ogden 6 |
TOP OF THE 8TH |
Idaho Falls Spuds batting - Pitching for Ogden Spikes : LHP John Horner
|
Batting: RHB Tony Porras
|
0-0: Ball 1-0: Called Strike 1-1: Fly out, F3 (Line Drive, 3, EV 75.0 MPH)
|
Batting: LHB Darcy Walker
|
0-0: Foul Ball, location: 2F 0-1: Foul Ball, location: 2F 0-2: Foul Ball, location: 2F 0-2: Ball 1-2: Ball 2-2: DOUBLE (Line Drive, 7LD, EV 104.4 MPH)
|
Batting: LHB Tom Francis
|
0-0: Ball 1-0: Called Strike 1-1: Ball 2-1: Ball 3-1: Fly out, F7 (Flyball, 78D, EV 108.1 MPH)
|
Batting: RHB Ken Williams
|
0-0: Fly out, F9 (Flyball, 9D, EV 100.0 MPH)
|
Top of the 8th over - 0 runs, 1 hit, 0 errors, 1 left on base; Idaho Falls 8 - Ogden 6 |
BOTTOM OF THE 8TH |
Ogden Spikes batting - Pitching for Idaho Falls Spuds : RHP Jeffrey O'Dell
|
Batting: RHB Paul Wright
|
0-0: Ball 1-0: SINGLE (Line Drive, 56D, EV 95.0 MPH)
|
Batting: SHB Mark Lemke
|
0-0: Called Strike 0-1: Ball 1-1: Ball 2-1: Ball Wild Pitch! Paul Wright to second 3-1: Base on Balls
|
Batting: RHB Terry Bell
|
0-0: Bunted foul 0-1: Sac Bunt to 25 - play at first, batter OUT! 5-4 Paul Wright to third Mark Lemke to second
|
Pitching: LHP Brad Bennett
|
|
Batting: RHB Ken Jackson
|
0-0: Called Strike 0-1: Fly out, F8 (Flyball, 78S, EV 88.1 MPH)
|
Pinch Hitting: RHB Mike Robinson
|
0-0: Swinging Strike 0-1: Ball 1-1: Fly out, F8 (Flyball, 8RM, EV 76.9 MPH)
|
Bottom of the 8th over - 0 runs, 1 hit, 0 errors, 2 left on base; Idaho Falls 8 - Ogden 6 |
TOP OF THE 9TH |
Idaho Falls Spuds batting - Pitching for Ogden Spikes : LHP John Horner
|
Now at 3B: Todd Thomas
|
|
Batting: RHB Billie Merrifield
|
0-0: Foul Ball, location: 2F 0-1: Foul Ball, location: 2F 0-2: SOLO HOME RUN (Flyball, 9D, EV 103.1 MPH), Distance : 370 ft
|
Batting: RHB James Michalek
|
0-0: Called Strike 0-1: Ball 1-1: Ball 2-1: Called Strike 2-2: Ball 3-2: Foul Ball, location: 2F 3-2: Base on Balls
|
Batting: RHB Alvin Bravo
|
0-0: Ball 1-0: Sac Bunt to 15S - play at second, runner OUT! 1-6
|
Batting: RHB Jose Mateo
|
0-0: Foul Ball, location: 2F 0-1: Foul Ball, location: 2F 0-2: 2-RUN HOME RUN (Flyball, 78XD, EV 98.8 MPH), Distance : 416 ft
|
Batting: RHB Reginald Mosley
|
0-0: Foul Ball, location: 2F 0-1: Ball 1-1: Ball 2-1: Fly out, F8 (Flyball, 8RD, EV 84.4 MPH)
|
Batting: RHB Tony Porras
|
0-0: Fly out, F7 (Line Drive, 7D, EV 91.9 MPH)
|
Top of the 9th over - 3 runs, 2 hits, 0 errors, 0 left on base; Idaho Falls 11 - Ogden 6 |
BOTTOM OF THE 9TH |
Ogden Spikes batting - Pitching for Idaho Falls Spuds : LHP Brad Bennett
|
Batting: LHB Everett Graham
|
0-0: Ball 1-0: Ball 2-0: Ball 3-0: Called Strike 3-1: Fly out, F8 (Flyball, 8RD, EV 94.4 MPH)
|
Batting: RHB Chuck Lynn
|
0-0: Called Strike 0-1: Ball 1-1: Ball 2-1: Ball 3-1: Called Strike 3-2: Base on Balls
|
Batting: LHB Roberto Casasnovas
|
0-0: Ball 1-0: SINGLE (Flyball, 3D, EV 95.6 MPH) Chuck Lynn to second
|
Batting: RHB Jeffrey Smith
|
0-0: Swinging Strike 0-1: Ball 1-1: Ball 2-1: Grounds into double play, 6-4-3 (Groundball, 6, EV 85.0 MPH)
|
Bottom of the 9th over - 0 runs, 1 hit, 0 errors, 1 left on base; Idaho Falls 11 - Ogden 6 |
|